 Seeded DCSS version 0.28-a0-657-g71136c5590 (webtiles) character file.

Game seed: 69420690 (custom seed)

198 ekar the Skirmisher (level 5, 0/50 HPs)
             Began as a Minotaur Berserker on Oct 14, 2021.
             Was a Follower of Trog.
             Slain by an orc (4 damage)
             ... on level 7 of the Dungeon.
             The game lasted 00:08:25 (1197 turns).

ekar the Skirmisher (Minotaur Berserker)            Turns: 1197, Time: 00:08:25

Health: 0/50       AC:  5    Str: 28    XL:     5   Next: 47%
Magic:  4/4        EV: 11    Int:  5    God:    Trog [*.....]
Gold:   54         SH:  0    Dex:  9    Spells: 4/4 levels left

rFire   . . .      SeeInvis .   a - +0 hand axe
rCold   . . .      Faith    .   (no shield)
rNeg    . . .      Spirit   .   j - +0 ring mail
rPois   .          Reflect  .   (helmet restricted)
rElec   .          Harm     .   (no cloak)
rCorr   .          Rampage  .   (no gloves)
Will    .....                   (no boots)
Stlth   ..........              (no amulet)
HPRegen 0.16/turn               g - +6 ring of strength
MPRegen 0.09/turn               (no ring)

@: no status effects
A: horns 2, retaliatory headbutt
a: Renounce Religion, Berserk


You were on level 7 of the Dungeon.
You worshipped Trog.
Trog was aware of your devotion.
You visited 1 branch of the dungeon, and saw 7 of its levels.

You collected 54 gold pieces.

Inventory:

Hand Weapons
 a - a +0 hand axe (weapon)
 c - a +0 war axe
 e - a +1 short sword of holy wrath
 f - a +0 dagger
 k - a +0 whip
Missiles
 h - 79 stones
 n - 16 arrows
Armour
 b - a +0 animal skin
 d - a +0 leather armour
 j - a +0 ring mail (worn)
Magical Staves
 l - a staff of air
Jewellery
 g - a +6 ring of strength (left hand)
Scrolls
 m - 2 scrolls of identify
Potions
 i - a potion of magic


   Skills:
 + Level 5.8 Fighting
 + Level 1.4 Short Blades
 + Level 4.6 Axes
 + Level 0.1 Throwing
 + Level 3.2 Armour
 + Level 2.8 Dodging


You had 4 spell levels left.
You didn't know any spells.
Your spell library contained the following spells:

 Spells                   Type           Power      Damage    Failure   Level
 Corpse Rot               Necr/Air       N/A        N/A       75%         2
 Poisonous Vapours        Pois/Air       0%         N/A       75%         2


Dungeon Overview and Level Annotations

Branches:
Dungeon (7/15)
 Temple: D:4-7

Altars:

Shops:
D:2 (


Innate Abilities, Weirdness & Mutations

You have a pair of horns on your head.
You reflexively headbutt those who attack you in melee.


Message History

An orc comes into view. It is wielding a +0 flail.
The orc moves out of view.
The orc shouts!
You hear a shout!
The bullfrog hits you but does no damage.
An orc priest, an orc wizard and 2 zombies come into view.
The orc priest shouts!
The bullfrog hits you.
An orc comes into view. It is wielding a +0 whip.
A kobold zombie comes into view.
The ice beast closely misses you.
The orc zombie moves out of view.
A kobold zombie comes into view.
The orc wizard casts a spell.
The orc wizard flickers and vanishes!
Deactivating autopickup; reactivate with Ctrl-A.
The orc barely misses you. The bullfrog hits you.
The ice beast hits you but does no damage.
A mummy comes into view.
The kobold zombie moves out of view.
You fail to use your ability.
The bullfrog hits you but does no damage.
The orc hits you with a +0 whip. The orc barely misses you.
The ice beast hits you. The ice beast freezes you!
* * * LOW HITPOINT WARNING * * *
Cleave: a) +0 hand axe
Press: ? - help, Dir - move target, f/p - bullfrog
Aim: a bullfrog (heavily wounded, about 47% to evade your +0 hand axe)
You slash the bullfrog!
The bullfrog is almost dead.
You hit the ice beast but do no damage. You hit the orc.
You closely miss the orc. The bullfrog hits you.
* * * LOW HITPOINT WARNING * * *
The orc hits you with a +0 whip.
* * * LOW HITPOINT WARNING * * *
The orc hits you with a +0 flail.
* * * LOW HITPOINT WARNING * * *
The bullfrog hits you but does no damage.
The ice beast hits you but does no damage.
You fail to use your ability.
The bullfrog closely misses you. The orc hits you with a +0 whip.
You die...

.... # ##..# # .#Z.# # ##.#
.o.# # #..# Z{o# # #..# #Z.#
# ###..######oo# #
#.........F@# #
#.##......Y######
######.##.........$...
................#############
######.##..#.#...............
#.##..#.#######.#(######
#...............#.#
#####.###########$# #... .#


You could see an ice beast, a bullfrog, an orc priest, 3 orcs, 2 kobold zombies
and an orc zombie.

Vanquished Creatures
  A jelly (D:5)
  A centaur zombie (D:5)
  A hound (D:5)
  An iguana (D:5)
  2 adders (D:5)
  2 orcs
  A quokka (D:4)
  2 ball pythons
11 creatures vanquished.

Vanquished Creatures (collateral kills)
  A hound (D:5)
1 creature vanquished.

Grand Total: 12 creatures vanquished

Notes
Turn   | Place    | Note
-------+----------+-------------------------------------------
     0 | D:1      | ekar the Minotaur Berserker began the quest for the Orb.
     0 | D:1      | Reached XP level 1. HP: 19/19 MP: 0/0
   330 | D:2      | Found Kicwea's Antique Weapon Shoppe.
   424 | D:5      | Entered Level 5 of the Dungeon
   454 | D:5      | Reached skill level 4 in Fighting
   498 | D:5      | Reached XP level 2. HP: 20/28 MP: 1/1
   498 | D:5      | Reached XP level 3. HP: 25/34 MP: 2/2
   526 | D:5      | Reached skill level 5 in Fighting
   526 | D:5      | Reached XP level 4. HP: 20/42 MP: 3/3
   704 | D:5      | Reached skill level 1 in Short Blades
   967 | D:5      | Reached XP level 5. HP: 39/50 MP: 4/4
  1178 | D:7      | Noticed an ice beast
  1197 | D:7      | Slain by an orc

Illustrated notes

Levels and vault maps discovered:
D:1:      evilmike_arrival_fibonacci_small, layout_loops_ring,
          minmay_misc_feat_five
D:2:      layout_rooms, serial_shops, shop, uniq_natasha
D:3:      layout_loops_ring, nicolae_gozag_cash_rules_everything_around_me,
          serial_shops, shop, hangedman_feature_mirror,
          minmay_misc_feat_columns, minmay_between
D:4:      layout_basic, hangedman_decor_opposing, minmay_crossroads
D:5:      layout_gridville
D:6:      layout_basic, nicolae_ru_great_annihilating_truth,
          minmay_temple_entry_ruins, uniq_prince_ribbit1
D:7:      layout_basic, minmay_mini_ossuary

Skill      XL: |  1  2  3  4 |
---------------+-------------+-----
Fighting       | 4 5 |  5.8
Axes           | 4 |  4.6
Short Blades   | 1 |  1.4
Armour         | 3 |  3.2
Throwing       | |  0.1
Dodging        | |  2.8

Action                   |  1- 3 |  4- 6 || total
-------------------------+-------+-------++-------
Melee: Short sword       |    15 |    14 ||    29
       Hand axe          |     6 |     4 ||    10
       Headbutt          |     2 |     7 ||     9
Throw: Stone             |     5 |     2 ||     7
  Use: Potion            |     1 |       ||     1
       Scroll            |       |     4 ||     4
Armor: Ring mail         |     6 |     9 ||    15
Dodge: Dodged            |    29 |    20 ||    49

Table legend: (Time is in decaauts)
 A = Elapsed time spent in this place.
 B = Non-inter-level travel time spent in this place.
 C = Inter-level travel time spent in this place.
 D = Time resting spent in this place.
 E = Time spent auto-exploring this place.
 F = Levels seen in this place.
 G = Mean time per level.
                   A        B        C        D        E       F      G
               +--------+--------+--------+--------+--------+-----+--------+
         Total |   1197 |   1197 |      0 |    630 |      0 |   7 |  171.0 |
       Dungeon |   1197 |   1197 |      0 |    630 |      0 |   7 |  171.0 |
               +--------+--------+--------+--------+--------+-----+--------+

Top non-repeatable levels by time:
     D:5: 689 daAuts
     D:1: 179 daAuts
     D:2: 160 daAuts
     D:7: 58 daAuts
     D:4: 52 daAuts
     D:3: 30 daAuts
     D:6: 27 daAuts
